 Dungeon Crawl Stone Soup version 0.30.0-30-g96aa6591b8 (webtiles) character file.

Game seed: 17888548367533725964

146 Draugr the Sneak (level 5, -2/29 HPs)
             Began as a Gargoyle Earth Elementalist on June 28, 2023.
             Killed from afar by an orc wizard (6 damage)
             ... with a magic dart
             ... on level 3 of the Dungeon.
             The game lasted 00:08:32 (2321 turns).

Draugr the Sneak (Gargoyle Earth Elementalist)      Turns: 2321, Time: 00:08:35

Health: -2/29      AC:  8    Str: 11    XL:     5   Next: 28%
Magic:  8/8        EV: 11    Int: 18    God:
Gold:   192        SH:  0    Dex: 10    Spells: 7/8 levels left

rFire   . . .        p - +3 hand axe
rCold   . . .        (no shield)
rNeg    + . .        a - +0 robe
rPois   ∞            (no helmet)
rElec   +            (no cloak)
rCorr   .            (no gloves)
SInv    .            (no boots)
Will    .....        (no amulet)
Stlth   ++           (no ring)
HPRegen 0.24/turn    (no ring)
MPRegen 0.11/turn

%: no passive effects
@: no status effects
A: sickness immunity, AC +4, negative energy resistance 1, electricity
resistance, torment resistance 1, petrification resistance, talons 1, iridescent
scales 1, wild magic 1
a: no special abilities


You were on level 3 of the Dungeon.
You visited 1 branch of the dungeon, and saw 3 of its levels.

You collected 192 gold pieces.

Inventory:

Hand Weapons
 e - a +0 short sword of venom
 h - a +0 dagger of venom
 p - a +3 hand axe (weapon)
Missiles
 f - 2 throwing nets
Armour
 a - a +0 robe (worn)
Scrolls
 c - a scroll of fear {unknown}
 i - a scroll of vulnerability {unknown}
 l - a scroll of teleportation {unknown}
 m - 2 scrolls of identify {unknown}
 n - a scroll of enchant weapon {unknown}
 o - a scroll of brand weapon {unknown}
 s - a scroll of summoning {unknown}
Potions
 b - a potion of magic
 j - a potion of mutation
 k - a potion of degeneration {unknown}
 q - 2 potions of brilliance {unknown}
 r - a potion of resistance {unknown}


   Skills:
 - Level 1.0 Fighting
 - Level 2.2 Short Blades
 + Level 1.9 Axes
 - Level 1.5 Dodging
 - Level 4.1 Stealth
 - Level 2.0 Spellcasting
 - Level 0.7 Transmutations
 - Level 3.6 Earth Magic


You had 7 spell levels left.
You knew the following spells:

 Your Spells              Type           Power      Damage    Failure   Level
a - Sandblast             Erth           38%        2d10      7%          1

Your spell library contained the following spells:

 Spells                   Type           Power      Damage    Failure   Level
 Passwall                 Tmut/Erth      10%        N/A       16%         2
 Apportation              Tloc           4%         N/A       26%         1
 Necrotise                Necr           8%         1d4       26%         1
 Summon Small Mammal      Summ           8%         N/A       26%         1
 Wereblood                Tmut           5%         N/A       28%         2
 Lesser Beckoning         Tloc           4%         N/A       34%         2
 Stone Arrow              Conj/Erth      20%        3d8       34%         3
 Gell's Gravitas          Tloc           2%         N/A       56%         3
 Teleport Other           Tloc           2%         N/A       56%         3
 Petrify                  Tmut/Erth      12%        N/A       67%         4
 Summon Hydra             Summ           1%         N/A       100%        7
 Sublimation of Blood     Necr           Unusable   N/A       N/A         2

Dungeon Overview and Level Annotations

Branches:
Dungeon (3/15)

Altars:

Shops:
D:3 =

Annotations:
D:3 Robin


Innate Abilities, Weirdness & Mutations

You are immune to sickness and miasma.
Your stone body is resilient. (AC +4)
You are immune to poison.
You resist negative energy. (rN+)
You are resistant to electric shocks. (rElec)
You are resistant to unholy torment.
You are immune to petrification.
You have sharp toenails.
You are partially covered in iridescent scales. (AC +2)
Your spells are a little harder to cast, but a little more powerful.


Message History

The orc wizard is moderately wounded.
The orc wizard casts a spell.
The orc wizard flickers and vanishes!
Deactivating autopickup; reactivate with Ctrl-A.
Something hits you.
You miss something. Something hits you but does no damage.
You closely miss something. Something hits you but does no damage.
You barely miss something. Something hits you but does no damage.
You closely miss something.
You hear some strange, mumbled words.
Something tries to affect you, but you resist.
You barely miss something. Something hits you but does no damage.
Something hits you.
You barely miss something. Something hits you but does no damage.
You hit something. Something hits you but does no damage.
You miss something. Something hits you but does no damage.
You completely miss something.
You hear some strange, mumbled words.
A puff of flame appears from out of thin air!
The puff of flame hits you.
You barely miss something. Something hits you.
* * * LOW HITPOINT WARNING * * *
Something hits you.
* * * LOW HITPOINT WARNING * * *
It was a potion of mutation.
You feel extremely strange.
You feel less in control of your magic.
Iridescent scales grow over part of your body.
Your toenails lengthen and sharpen.
Something hits you.
* * * LOW HITPOINT WARNING * * *
It was a potion of flight.
You feel very buoyant.
You fly up into the air.
Something hits you but does no damage.
It was a potion of cancellation.
Your magical effects are unravelling.
You feel magically purged.
You float gracefully downwards.
You hear some strange, mumbled words.
A magic dart appears from out of thin air!
The magic dart hits you.
You die...

# ####### .o ###.....##
..o #........###. .#..
########.#†###......
............>.#.# #...###
S.....#########.# ##....<
.......{@.......# #.....
......##############.###.
..... ######......# #.
...# #...........# ## .#
#.####.####)# #.# #.# #.#
#.# #.# #.. #.# #.# ####
#.# #.#


There were no monsters in sight!

Vanquished Creatures
  Jessica (D:2)
  5 adders
  4 dart slugs
  5 orcs
  7 endoplasms
  3 giant cockroaches
  6 goblins
  6 hobgoblins
  8 ball pythons
  2 bats
  5 frilled lizards
  6 kobolds
  7 rats
65 creatures vanquished.

Notes
Turn   | Place    | Note
-------+----------+-------------------------------------------
     0 | D:1      | Draugr the Gargoyle Earth Elementalist began the quest for
                  | the Orb.
     0 | D:1      | Reached XP level 1. HP: 10/10 MP: 3/3
   156 | D:1      | Found a faded altar of an unknown god.
   168 | D:1      | Reached skill level 1 in Fighting
   230 | D:1      | Reached XP level 2. HP: 12/16 MP: 3/5
   263 | D:1      | Reached skill level 1 in Short Blades
   559 | D:1      | Reached skill level 3 in Stealth
   718 | D:1      | Reached XP level 3. HP: 20/20 MP: 6/6
  1206 | D:2      | Reached skill level 4 in Stealth
  1284 | D:2      | Noticed Jessica
  1289 | D:2      | Killed Jessica
  1290 | D:2      | Reached XP level 4. HP: 25/25 MP: 5/7
  1746 | D:3      | Identified the +1 spear "Kaseedgh" {heavy, Int+5}
  1849 | D:3      | Noticed Robin
  1965 | D:3      | Found Lymu's Jewellery Shop.
  2047 | D:3      | Reached skill level 1 in Axes
  2090 | D:3      | Reached XP level 5. HP: 29/29 MP: 8/8
  2319 | D:3      | Gained mutation: Your spells are a little harder to cast,
                  | but a little more powerful. [potion of mutation]
  2319 | D:3      | Gained mutation: You are partially covered in iridescent
                  | scales. (AC +2) [potion of mutation]
  2319 | D:3      | Gained mutation: You have sharp toenails. [potion of
                  | mutation]
  2321 | D:3      | Killed from afar by an orc wizard

Illustrated notes

Levels and vault maps discovered:
D:1:      psy_arrival_fountain, layout_loops_ring, basic_ecumenical_altar,
          minmay_small_reverse_x
D:2:      layout_loops_ring, uniq_jessica
D:3:      layout_loops_ring, serial_shops, nicolae_square_shop,
          minmay_tree_intersection, uniq_robin

Skill      XL: |  1  2  3  4 |
---------------+-------------+-----
Fighting       | 1 |  1.0
Short Blades   | 1 2 |  2.2
Stealth        | 3 4 |  4.1
Axes           | 1 |  1.9
Dodging        | |  1.5
Spellcasting   | |  2.0
Transmutations | |  0.7
Earth Magic    | |  3.6

Action                     |  1- 3 |  4- 6 || total
---------------------------+-------+-------++-------
  Melee: Dagger            |    10 |       ||    10
         Short sword       |    92 |    12 ||   104
         Punch             |     1 |     3 ||     4
         Hand axe          |       |    78 ||    78
   Cast: Sandblast         |    15 |     3 ||    18
    Use: Potion            |       |     3 ||     3
   Stab: Sleeping          |     8 |     4 ||    12
 Armour: Robe              |    29 |    46 ||    75
  Dodge: Dodged            |    45 |    57 ||   102
